 Dungeon Crawl Stone Soup version 0.32-a0-913-g739538afd8 (webtiles) character file.

Game seed: 13055762497978642246

471 horus123 the Conjurer (level 6, -2/32 HPs)
             Began as a Deep Elf Conjurer on Apr 8, 2024.
             Was an Initiate of Vehumet.
             Slain by an ice beast (3 damage)
             ... on level 5 of the Dungeon.
             The game lasted 00:07:18 (4532 turns).

horus123 the Conjurer (Deep Elf Conjurer)           Turns: 4532, Time: 00:07:19

Health: -2/32      AC:  3    Str:  4    XL:     6   Next: 83%
Magic:  12/17      EV: 11    Int: 25    God:    Vehumet [......]
Gold:   287        SH:  0    Dex: 13    Spells: 6/17 levels left

rFire   . . .        h - +1 short sword (venom)
rCold   . . .        (no shield)
rNeg    . . .        a - +0 robe
rPois   .            (no helmet)
rElec   .            (no cloak)
rCorr   .            (no gloves)
SInv    .            g - +0 pair of boots
Will    .....        (no amulet)
Stlth   ++           (no ring)
HPRegen 0.25/turn    (no ring)
MPRegen 0.15/turn

%: no passive effects
@: no status effects
A: no striking features
a: Renounce Religion


You were on level 5 of the Dungeon.
You worshipped Vehumet.
Vehumet was noncommittal.
You visited 2 branches of the dungeon, and saw 6 of its levels.

You collected 287 gold pieces.

Inventory:

Hand Weapons
 h - a +1 short sword of venom (weapon)
Armour
 a - a +0 robe (worn)
 g - a +0 pair of boots (worn)
 n - a +0 kite shield
Wands
 p - a wand of mindburst (9)
Scrolls
 d - a scroll of brand weapon
 e - a scroll of summoning
 f - 4 scrolls of teleportation
 k - a scroll of fog
 m - a scroll of amnesia {unknown}
 o - a scroll of noise {unknown}
 r - 3 scrolls of fear {unknown}
Potions
 b - a potion of magic
 c - a potion of degeneration {unknown}
 i - a potion of lignification {unknown}
 j - a potion of enlightenment {unknown}
 l - a potion of curing {unknown}
 q - a potion of haste {unknown}
 s - a potion of might {unknown}


   Skills:
 - Level 2.4 Dodging
 - Level 2.4 Stealth
 - Level 6.0 Spellcasting
 + Level 7.9 Conjurations


You had 6 spell levels left.
You knew the following spells:

 Your Spells              Type           Power      Damage    Failure   Level
a - Magic Dart            Conj           100%       1d8       1%          1
b - Searing Ray           Conj           94%        2d7       1%          2
c - Iskenderun's Mystic Conj/Tloc 27%            2d7        (+2d3     14%         4
d - Fulminant Prism       Conj/Alch      13%        3d8       14%         4

Your spell library contained the following spells:

 Spells                   Type           Power      Damage    Failure   Level


Dungeon Overview and Level Annotations

Branches:
Dungeon (5/15)             Temple (1/1) D:4

Altars:
Ashenzari
Cheibriados
Dithmenos
Elyvilon
Fedhas
Gozag
Hepliaklqana
Kikubaaqudgha
Makhleb
Nemelex Xobeh
Qazlal
Ru
Sif Muna
Trog
Uskayaw
Vehumet
Wu Jian
Xom
Yredelemnul
The Shining One

Shops:
D:4 !


Message History

Casting: Magic Dart (safe; 1% risk of failure)
Confirm with . or Enter, or press ? or * to list all spells.
Aiming: Searing Ray (safe; 1% risk of failure)
Press: ? - help, Shift-Dir - straight line, f - hound
Aim: a hound (heavily wounded, 75% to hit)
The searing ray hits the hound.
The hound is severely wounded. (Press . to maintain the ray.)
The hound bites you but does no damage.
The searing ray misses the hound.
The hound closely misses you. x2
The searing ray hits the hound!
You kill the hound!
Vehumet accepts your kill.
You start resting.
HP restored.
You start resting.
Magic restored.
You climb downwards.
The ice beast hits you. The ice beast freezes you!
The ice beast hits you but does no damage.
There is a stone staircase leading up here.
Casting: Searing Ray (safe; 1% risk of failure)
Confirm with . or Enter, or press ? or * to list all spells.
Aiming: Searing Ray (safe; 1% risk of failure)
Press: ? - help, Shift-Dir - straight line, f - ice beast
Aim: an ice beast (82% to hit)
The searing ray hits the ice beast but does no damage. (Press . to maintain the ray.)
The ice beast hits you. The ice beast freezes you.
The searing ray hits the ice beast.
The ice beast is lightly wounded.
The ice beast hits you but does no damage.
The searing ray hits the ice beast.
The ice beast is moderately wounded.
The ice beast hits you. The ice beast freezes you!
* * * LOW HITPOINT WARNING * * *
The searing ray hits the ice beast.
The ice beast is moderately wounded.
You finish channelling your searing ray.
The ice beast hits you.
You die...

...........#
...........#
...........#
#.........^#
#.....?....#
#..........# #
#..........###...
....>....Y.....#
.........@.#####
......######
...... ######


You could see an ice beast.

Vanquished Creatures
  An ogre (D:4)
  A hound (D:4)
  2 orc priests (D:4)
  A sleepcap (D:4)
  An iguana (D:2)
  5 gnolls
  5 adders
  6 dart slugs
  4 ribbon worms
  19 orcs
  7 ball pythons
  11 endoplasms
  6 giant cockroaches
  9 goblins
  10 hobgoblins
  3 jackals (D:3)
  3 quokkas
  8 bats
  6 frilled lizards
  8 kobolds
  7 rats
123 creatures vanquished.

Notes
Turn   | Place    | Note
-------+----------+-------------------------------------------
     0 | D:1      | horus123 the Deep Elf Conjurer began the quest for the Orb.
     0 | D:1      | Reached XP level 1. HP: 10/10 MP: 6/6
   217 | D:1      | Reached XP level 2. HP: 15/15 MP: 5/9
   442 | D:1      | Learned a level 2 spell: Searing Ray
   580 | D:1      | Reached XP level 3. HP: 19/19 MP: 8/11
   623 | D:1      | Reached skill level 5 in Spellcasting
  1113 | D:2      | Reached XP level 4. HP: 19/24 MP: 3/13
  1276 | D:2      | Learned a level 4 spell: Iskenderun's Mystic Blast
  1281 | D:2      | Learned a level 4 spell: Fulminant Prism
  1420 | D:2      | Found a shimmering altar of Xom.
  1618 | D:2      | Reached skill level 5 in Conjurations
  1656 | D:2      | You fall into a shaft and drop 1 floor!
  1926 | D:2      | Reached XP level 5. HP: 28/28 MP: 10/15
  2263 | D:3      | Found a broken altar of Ashenzari.
  2724 | D:3      | Reached skill level 6 in Conjurations
  2981 | D:4      | Found a staircase to the Ecumenical Temple.
  3047 | Temple   | Found a transporter.
  3047 | Temple   | Found a transporter.
  3047 | Temple   | Found a transporter.
  3047 | Temple   | Found a transporter.
  3047 | Temple   | Entered the Ecumenical Temple
  3073 | Temple   | Became a worshipper of Vehumet
  3321 | D:4      | Reached XP level 6. HP: 31/32 MP: 1/17
  3585 | D:4      | Reached skill level 7 in Conjurations
  3693 | D:4      | Found Erghooh's Distillery.
  3831 | D:4      | Found a snail-covered altar of Cheibriados.
  4212 | D:4      | Found a bloodstained altar of Trog.
  4471 | D:5      | Entered Level 5 of the Dungeon
  4474 | D:5      | Noticed an ice beast
  4531 | D:5      | HP: 1/32 [ice beast (12)]
  4532 | D:5      | Slain by an ice beast

Illustrated notes

Levels and vault maps discovered:
D:1:      mainiacjoe_arrival_reflecting_pool, layout_rooms, solitary_fountain
D:2:      minmay_razor_zed, layout_rooms, basic_altar, corexii_hall_statues_l
D:3:      layout_basic, old_standard_altar
D:4:      layout_basic, mainiacjoe_overflow_alcove_4,
          mainiacjoe_overflow_surrounded_room,
          minmay_temple_entry_statues_fountains, serial_shops, shop
D:5:      layout_rooms, uniq_pikel
Temple:   hellmonk_temple_divided_pantheon

Skill      XL: |  1  2  3  4  5  6 |
---------------+-------------------+-----
Spellcasting   | 4 5 6 |  6.0
Conjurations   | 5 6 7 |  7.9
Dodging        | |  2.4
Stealth        | |  2.4

Action                     |  1- 3 |  4- 6 || total
---------------------------+-------+-------++-------
  Melee: Short sword       |     1 |     2 ||     3
   Cast: Magic Dart        |    87 |   159 ||   246
         Searing Ray       |       |    15 ||    15
    Use: Scroll            |       |     4 ||     4
 Armour: Robe              |    10 |    13 ||    23
  Dodge: Dodged            |    15 |    11 ||    26

Table legend: (Time is in decaauts)
 A = Elapsed time spent in this place.
 B = Non-inter-level travel time spent in this place.
 C = Inter-level travel time spent in this place.
 D = Time resting spent in this place.
 E = Time spent auto-exploring this place.
 F = Levels seen in this place.
 G = Mean time per level.
                   A        B        C        D        E       F      G
               +--------+--------+--------+--------+--------+-----+--------+
         Total |   4532 |   4412 |    120 |    393 |   3359 |   6 |  755.3 |
       Dungeon |   4486 |   4366 |    120 |    393 |   3359 |   5 |  897.2 |
        Temple |     46 |     46 |      0 |      0 |      0 |   1 |   46.0 |
               +--------+--------+--------+--------+--------+-----+--------+

Top non-repeatable levels by time:
     D:4: 1490 daAuts
     D:2: 1056 daAuts
     D:3: 995 daAuts
     D:1: 929 daAuts
  Temple: 46 daAuts
     D:5: 14 daAuts
